 Dungeon Crawl Stone Soup version 0.19-a0-277-g85cb9a5 (webtiles) character file.

415 Duffy the Cudgeler (level 6, 0/32 HPs)
             Began as a Vine Stalker Fighter on May 26, 2016.
             Slain by an ogre
             ... wielding a +0 giant club
              (15 damage)
             ... on level 4 of the Dungeon.
             The game lasted 00:03:47 (2126 turns).

Duffy the Cudgeler (Vine Stalker Fighter)           Turns: 2126, Time: 00:03:48

Health: 0/32       AC: 10    Str: 20    XL:     6   Next: 91%
Magic:  0/7        EV:  7    Int:  9    God:
Gold:   142        SH:  9    Dex: 13    Spells: 0 memorised, 5 levels left

rFire  . . .     SeeInvis .     a - +0 flail
rCold  . . .     Gourm    .     b - +0 scale mail
rNeg   + . .     Faith    .     c - +0 shield
rPois  .         Spirit   +     l - +0 helmet
rElec  .         Dismiss  .     q - +0 cloak
rCorr  .         Reflect  .     (no gloves)
SustAt .         Harm     .     g - +1 pair of boots
MR     .....                    (no amulet)
Stlth  ..........               (no ring)
                                k - ring of positive energy

@: drained, not resistant to hostile enchantments, extremely unstealthy
A: fangs 2, regeneration 2, magic shield, antimagic bite, no device heal 3, rot
immunity
a: no special abilities


You were on level 4 of the Dungeon.
You were hungry.

You visited 1 branch of the dungeon, and saw 4 of its levels.

You collected 142 gold pieces.


Innate Abilities, Weirdness & Mutations

You have extremely sharp teeth.
You heal very quickly.
When hurt, damage is shared between your health and your magic reserves.
Your bite disrupts and absorbs the magic of your enemies.
Potions and wands cannot restore your health.
You are immune to rotting.


   Skills:
 + Level 3.2(3.0) Fighting
 + Level 5.0(4.7) Maces & Flails
 - Level 2.4(2.1) Armour
 - Level 4.5(4.3) Shields


You had 5 spell levels left.
You didn't know any spells.

Inventory:

Hand Weapons
 a - a +0 flail (weapon)
Armour
 b - a +0 scale mail (worn)
 c - a +0 shield (worn)
 g - a +1 pair of boots (worn)
 l - a +0 helmet (worn)
 q - a +0 cloak (worn)
Jewellery
 k - a ring of positive energy (left hand)
Scrolls
 e - 5 scrolls of identify {unknown}
 h - 3 scrolls of teleportation {unknown}
 j - a scroll of fog {unknown}
 o - a scroll of fear {unknown}
 r - a scroll of enchant weapon {unknown}
 t - a scroll of remove curse {unknown}
 u - a scroll of noise {unknown}
Potions
 d - a potion of might
 i - a potion of flight {unknown}
 m - a potion of haste {unknown}
Comestibles
 f - 4 bread rations
 n - 2 fruits
 p - a royal jelly
 s - 3 chunks of flesh

Dungeon Overview and Level Annotations

Branches:
Dungeon (4/15)
 Temple: D:4-7

Altars:
Dithmenos


Message History

You are feeling hungry.
You hear a zap.
Some rock shatters into small pieces.
You open the door. Natasha claws you but does no damage.
There is an open door here.
You miss Natasha. Your bite misses Natasha. Natasha barely misses you. x2
You barely miss Natasha. Your bite misses Natasha.
Natasha casts a spell at you.
You easily resist.
You hit Natasha but do no damage. Your bite misses Natasha.
Natasha casts a spell at you. The magic dart hits you!
You closely miss Natasha. Your bite misses Natasha. Natasha claws you.
You thump Natasha! Your bite misses Natasha.
Natasha is severely wounded.
Natasha claws you.
You closely miss Natasha. You bite Natasha.
Natasha's magic leaks into the air.
You drain her magic.
You feel invigorated.
Natasha is severely wounded.
You hear the slow hiss of a distant avalanche of sand.
You block Natasha's attack. Natasha claws you!
You sock Natasha!
You kill Natasha!
Natasha screams in pain as she dies!
Your base Maces & Flails skill increases to level 5!
No target in view!
No target in view!
An ogre comes into view. It is wielding a giant club.
The ogre shouts!
You hear a zap.
You hear a grinding noise.
You hear a zap.
You hear a grinding noise.
You hear a zap.
You hear a grinding noise.
Your shield and scale mail prevent you from hitting the ogre.
You bite the ogre. You drain its power.
You feel invigorated.
The ogre is lightly wounded.
The ogre hits you with a giant club!
You hit the ogre.
The ogre is moderately wounded.
You block the ogre's attack.
You hear a zap.
You hear a grinding noise.
You thump the ogre! You bite the ogre, but do no damage.
The ogre is severely wounded.
You block the ogre's attack.
You completely miss the ogre.
The ogre is severely wounded.
The ogre hits you with a giant club.
You barely miss the ogre.
The ogre is severely wounded.
The ogre hits you with a giant club!!
You die...

#.#.<#.#.# #.#
#^#.##.#.# #.#
#.#....#.###.#####
##.######.##......#
#.........##......#
############......#
#......# ##'#####
#.@## ##########
#.#O###.........
#.##.##...O.....
#.###.#.........
#.####....(.....
#.....'.........
#######.........
#.........
#.........


You could see an ogre.

Action                   |  1- 3 |  4- 6 || total
-------------------------+-------+-------++-------
Melee: Flail             |   131 |   164 ||   295
       Bite              |    43 |    46 ||    89
  Eat: Chunk             |       |     4 ||     4
Armor: Scale mail        |    55 |    61 ||   116
Dodge: Dodged            |    37 |    26 ||    63
Block: Shield            |    63 |    56 ||   119

Notes
Turn   | Place    | Note
--------------------------------------------------------------
     0 | D:1      | Duffy the Vine Stalker Fighter began the quest for the Orb.
     0 | D:1      | Reached XP level 1. HP: 11/11 MP: 2/2
    22 | D:1      | Reached skill level 2 in Maces & Flails
    88 | D:1      | Reached XP level 2. HP: 16/16 MP: 3/3
   470 | D:2      | Reached XP level 3. HP: 19/19 MP: 2/4
   570 | D:2      | Reached skill level 3 in Maces & Flails
   634 | D:2      | Reached skill level 3 in Shields
   950 | D:2      | Found a shadowy altar of Dithmenos.
   956 | D:2      | Reached XP level 4. HP: 23/23 MP: 5/5
  1029 | D:2      | Noticed Jessica
  1034 | D:2      | Killed Jessica
  1054 | D:2      | Noticed Sigmund
  1067 | D:2      | Killed Sigmund
  1067 | D:2      | Reached skill level 4 in Maces & Flails
  1067 | D:2      | Reached skill level 4 in Shields
  1067 | D:2      | Reached XP level 5. HP: 16/28 MP: 6/6
  1067 | D:2      | Gained mutation: You heal very quickly. [Vine Stalker growth]
  1067 | D:2      | Reached XP level 6. HP: 19/32 MP: 7/7
  1756 | D:3      | Reached skill level 3 in Fighting
  2097 | D:4      | Noticed Natasha
  2110 | D:4      | Killed Natasha
  2110 | D:4      | Reached skill level 5 in Maces & Flails
  2126 | D:4      | Slain by an ogre

Skill      XL: |  1  2  3  4  5  6 |
---------------+-------------------+-----
Maces & Flails | 2 3 4 5 |  5.0
Shields        | 3 4 |  4.5
Fighting       | 3 |  3.2
Armour         | |  2.4

Vault maps used:
D:1:      evilmike_arrival_run_for_it
D:2:      grunt_dithmenos_smoke_and_mirrors, first_bread,
          kennysheep_generic_room_4, uniq_sigmund, uniq_jessica
D:3:      minmay_misc_feat_rows
D:4:      enter_ossuary_5, nicolae_gozag_cash_rules_everything_around_me,
          uniq_natasha

Vanquished Creatures
  Sigmund
  An orc wizard
  An orc priest Jessica Natasha
  4 gnolls
  2 adders
  2 oozes
  6 worms
  A dart slug
  2 giant geckos
  7 orcs
  4 giant cockroaches
  11 goblins
  5 hobgoblins
  2 jackals
  4 kobolds
  A quokka
  9 bats
  6 giant newts
  A jackal skeleton
  6 rats
78 creatures vanquished.
